 Dungeon Crawl Stone Soup version 0.24.1-14-gf8d2b509d9 (webtiles) character file.

Game seed: 3161507165422653705, levelgen mode: deterministic

312 Pixllover the Chopper (level 6, -2/56 HPs)
             Began as a Hill Orc Monk on Nov 4, 2023.
             Slain by an ogre
             ... wielding a +0 giant spiked club
              (12 damage)
             ... on level 4 of the Dungeon.
             The game lasted 00:05:30 (2710 turns).

Pixllover the Chopper (Hill Orc Monk)               Turns: 2710, Time: 00:05:30

Health: -2/56      AC:  9    Str: 16    XL:     6   Next: 42%
Magic:  6/6        EV:  8    Int: 10    God:
Gold:   135        SH:  0    Dex: 13    Spells: 5/5 levels left

rFire    . . .     SeeInvis .   a - +0 hand axe
rCold    . . .     Gourm    .   (no shield)
rNeg     . . .     Faith    .   m - +0 chain mail
rPois    .         Spirit   .   (no helmet)
rElec    .         Reflect  .   (no cloak)
rCorr    .         Harm     .   k - +0 pair of gloves (curse)
MR       .....                  (no boots)
Stlth    ..........             (no amulet)
HPRegen  0.18/turn              (no ring)
MPRegen  0.10/turn              (no ring)

@: no status effects
A: no striking features
a: no special abilities


You were on level 4 of the Dungeon.
You were not hungry.

You visited 1 branch of the dungeon, and saw 4 of its levels.

You collected 135 gold pieces.

Inventory:

Hand Weapons
 a - a +0 hand axe (weapon)
Missiles
 f - 8 atropa-tipped darts (quivered)
 h - 8 javelins
Armour
 b - a +0 robe
 g - a +0 ring mail
 k - a cursed +0 pair of gloves (worn)
 m - a +0 chain mail (worn)
Scrolls
 i - a scroll of identify
 j - a scroll of enchant weapon {unknown}
 l - 2 scrolls of amnesia {unknown}
 n - a scroll of teleportation
 o - 2 scrolls of magic mapping {unknown}
 p - a scroll of blinking {unknown}
 r - a scroll of random uselessness {unknown}
Potions
 d - 3 potions of curing
 e - 2 potions of flight {unknown}
Comestibles
 c - 8 rations
 q - a chunk of flesh


   Skills:
 + Level 5.1 Fighting
 + Level 6.7 Axes
 + Level 2.3 Armour
 + Level 3.1 Dodging
 + Level 1.7 Stealth


You had 5 spell levels left.
You didn't know any spells.
Your spell library was empty.

Dungeon Overview and Level Annotations

Branches:
Dungeon (4/15)
 Temple: D:4-7

Altars:
Hepliaklqana


Message History

Found 22 arrows.
Sorry, you're not good enough to have a special ability.
You hit the ogre.
The ogre is lightly wounded.
The ogre hits you with a +0 giant spiked club!!
Your chain mail prevents you from hitting the ogre.
The ogre is lightly wounded.
You barely miss the ogre.
The ogre is lightly wounded.
The ogre hits you with a +0 giant spiked club!
* * * LOW HITPOINT WARNING * * *
You hit the ogre.
The ogre is moderately wounded.
The ogre closely misses you.
You hit the ogre.
The ogre is moderately wounded.
You hit the ogre.
The ogre is heavily wounded.
The ogre hits you with a +0 giant spiked club!
You die...

##...#
.......####
###.####
..........##
##..##
...........#
##..##
...........
##..##
......>.(.#
##..##
..........###.###
.......O..##.##
.......@....##
...........##
..........##
..........#
.......####
#######


You could see an ogre.

Vanquished Creatures
  A centaur (D:3)
  2 hounds
  2 gnolls
  7 adders
  3 worms
  3 dart slugs (D:1)
  A leopard gecko (D:2)
  4 orcs (D:3)
  9 giant cockroaches
  7 goblins
  5 hobgoblins
  8 jackals
  3 kobolds (D:1)
  7 bats
  2 frilled lizards
  7 rats
71 creatures vanquished.

Notes
Turn   | Place    | Note
-------+----------+-------------------------------------------
     0 | D:1      | Pixllover the Hill Orc Monk began the quest for the Orb.
     0 | D:1      | Reached XP level 1. HP: 19/19 MP: 1/1
    52 | D:1      | Reached XP level 2. HP: 16/27 MP: 2/2
   278 | D:1      | Reached XP level 3. HP: 24/33 MP: 3/3
   954 | D:2      | Reached XP level 4. HP: 35/40 MP: 4/4
  1095 | D:2      | Reached skill level 5 in Axes
  1508 | D:2      | Reached skill level 6 in Axes
  1508 | D:2      | Reached XP level 5. HP: 17/47 MP: 5/5
  1798 | D:3      | Reached skill level 1 in Armour
  2308 | D:3      | Found a hazy altar of Hepliaklqana.
  2403 | D:3      | Reached XP level 6. HP: 51/55 MP: 6/6
  2608 | D:3      | Reached skill level 5 in Fighting
  2710 | D:4      | Slain by an ogre

Levels and vault maps discovered:
D:1:      psy_arrival_fountain, layout_rooms, serial_forest,
          infiniplex_forest_lined_room_3, infiniplex_forest_end_2,
          infiniplex_forest_corner_2, infiniplex_forest_clump_curved,
          infiniplex_forest_clump_medium, infiniplex_forest_clump_long,
          minmay_misc_feat_five, minmay_worlds_worst_comb
D:2:      layout_basic, first_ration
D:3:      minmay_door_path, layout_rooms, overflow_temple_1_default
D:4:      layout_cave_pods, serial_shops, nicolae_shop_window_shopping,
          uniq_duvessa

Skill      XL: |  1  2  3  4  5  6 |
---------------+-------------------+-----
Fighting       | 4 5 |  5.1
Axes           | 6 |  6.7
Dodging        | 3 |  3.1
Armour         | 1 2 |  2.3
Stealth        | |  1.7

Action                   |  1- 3 |  4- 6 || total
-------------------------+-------+-------++-------
Melee: Hand axe          |   105 |   246 ||   351
  Use: Scroll            |       |     2 ||     2
  Eat: Chunk             |       |     6 ||     6
Armor: Robe              |     8 |       ||     8
       Ring mail         |    37 |       ||    37
       Chain mail        |       |   183 ||   183
Dodge: Dodged            |    86 |   108 ||   194
